 Dungeon Crawl Stone Soup version 0.21-a0-179-gd2bfb5f (webtiles) character file.

282 aurelian the Ruffian (level 6, -13/59 HPs)
             Began as a Troll Monk on Aug 10, 2017.
             Mangled by Menkaure (24 damage)
             ... on level 4 of the Dungeon.
             The game lasted 00:04:55 (2878 turns).

aurelian the Ruffian (Troll Monk)                   Turns: 2878, Time: 00:04:55

Health: -13/59     AC:  5    Str: 20    XL:     6   Next: 6%
Magic:  5/5        EV: 11    Int:  6    God:
Gold:   174        SH:  0    Dex: 14    Spells: 5/5 levels left

rFire    . . .     SeeInvis .     - Unarmed
rCold    . . .     Gourm    +   (no shield)
rNeg     . . .     Faith    .   a - +0 robe
rPois    .         Spirit   .   (helmet restricted)
rElec    .         Reflect  .   (no cloak)
rCorr    +         Harm     .   (gloves unavailable)
MR       .....                  (boots unavailable)
Stlth    ++........             (no amulet)
HPRegen  0.59/turn              n - ring of resist corrosion
MPRegen  0.09/turn              (no ring)

@: no status effects
A: unfitting armour, claws 3, fast metabolism 3, gourmand, regeneration 1,
shaggy fur 1, tough skin 2
a: no special abilities


You were on level 4 of the Dungeon.
You were completely stuffed.

You visited 1 branch of the dungeon, and saw 4 of its levels.

You collected 174 gold pieces.

Inventory:

Missiles
 i - 206 stones (quivered)
Armour
 a - a +0 robe (worn)
Jewellery
 n - a ring of resist corrosion (left claw)
Wands
 o - a wand of iceblast (6/15)
 p - a wand of digging (9/24)
 v - a wand of clouds (5/9)
Scrolls
 d - 3 scrolls of teleportation {unknown}
 e - 5 scrolls of identify {unknown}
 g - 3 scrolls of fog {unknown}
 h - a scroll of magic mapping {unknown}
 j - 2 scrolls of enchant weapon {unknown}
 r - a scroll of noise {unknown}
 t - a scroll of amnesia {unknown}
Potions
 f - 2 potions of brilliance {unknown}
 k - a potion of experience {unknown}
 m - a potion of invisibility {unknown}
 q - a potion of ambrosia {unknown}
 s - a potion of haste {unknown}
 u - a potion of heal wounds {unknown}
 x - a potion of mutation {unknown}
Comestibles
 b - 4 bread rations
 c - 3 royal jellies
 l - 3 meat rations


   Skills:
 - Level 2.4 Fighting
 + Level 3.6 Dodging
 - Level 1.0 Stealth
 * Level 6.0 Unarmed Combat


You had 5 spell levels left.
You didn't know any spells.

Dungeon Overview and Level Annotations

Branches:
Dungeon (4/15)
 Temple: D:4-7

Altars:
Dithmenos
Qazlal

Annotations:
D:4 Menkaure


Innate Abilities, Weirdness & Mutations

You are too large for most types of armour.
You have claws for hands.
Your metabolism is lightning-fast.
You like to eat raw meat.
Your natural rate of healing is unusually fast.
You are covered in fur. (AC +1)
You have very tough skin. (AC +2)


Message History

Something hits you.
* * * LOW HITPOINT WARNING * * *
You barely miss something. The orc hits you but does no damage.
Menkaure shouts, "The curse of the Pharaohs be upon you!"
The orc wizard gestures wildly while chanting.
The orc wizard blinks!
You barely miss something.
You hear some strange, mumbled words.
A puff of flame appears from out of thin air!
The puff of flame misses you. The orc hits you but does no damage.
You closely miss something. Menkaure hits you.
* * * LOW HITPOINT WARNING * * *
Something hits you but does no damage. The orc hits you but does no damage.
You miss something. Menkaure barely misses you. Something hits you.
* * * LOW HITPOINT WARNING * * *
The orc hits you but does no damage. The orc wizard casts a spell at you.
You resist with some effort.
You miss something. Menkaure hits you!!
You die...

....# ....## .......
.....# ....... .....#
....... .....## .......
......# #..... ......#
#.....o## .....####.
#.M{###
....###..######o@..##
...###.......####...###
..###...........##o...#
.##..#........[.###...#
##..#............##...#
#..#.............##.>.#
.................##...#
.................###.)#
##...............#
#..##


You could see Menkaure, an orc wizard and 2 orcs.

Vanquished Creatures
  An orc priest (D:4)
  An orc wizard (D:4)
  An iguana (D:4)
  Terence (D:3)
  Robin (D:4)
  3 gnolls (D:2)
  4 adders
  A worm (D:3)
  4 dart slugs
  3 leopard geckos
  4 orcs (D:4)
  2 ball pythons
  6 bats
  2 giant cockroaches
  15 goblins
  9 hobgoblins
  4 quokkas
  12 frilled lizards
  6 kobolds
  8 rats
88 creatures vanquished.

Notes
Turn   | Place    | Note
-------+----------+-------------------------------------------
     0 | D:1      | aurelian the Troll Monk began the quest for the Orb.
     0 | D:1      | Reached XP level 1. HP: 22/22 MP: 0/0
   215 | D:1      | Reached XP level 2. HP: 29/29 MP: 1/1
   846 | D:2      | Reached XP level 3. HP: 36/36 MP: 2/2
   849 | D:2      | Reached skill level 4 in Unarmed Combat
  1126 | D:2      | Reached XP level 4. HP: 42/44 MP: 3/3
  1299 | D:2      | Found a shadowy altar of Dithmenos.
  1558 | D:3      | Noticed Terence
  1570 | D:3      | Killed Terence
  1570 | D:3      | Reached skill level 5 in Unarmed Combat
  1728 | D:3      | Reached XP level 5. HP: 50/50 MP: 4/4
  2035 | D:4      | Noticed Robin
  2125 | D:4      | Found a stormy altar of Qazlal.
  2601 | D:4      | Reached XP level 6. HP: 25/59 MP: 5/5
  2606 | D:4      | Killed Robin
  2606 | D:4      | Reached skill level 6 in Unarmed Combat
  2861 | D:4      | Noticed Menkaure
  2878 | D:4      | Mangled by Menkaure

Vault maps used:
D:1:      lemuel_arrival_muddy
D:2:      overflow_temple_1_default
D:3:      uniq_terence
D:4:      nicolae_overflow_crystal_walls, uniq_robin, uniq_menkaure

Skill      XL: |  1  2  3  4  5  6 |
---------------+-------------------+-----
Unarmed Combat | 4 5 6 |  6.0
Dodging        | 3 |  3.6
Fighting       | |  2.4
Stealth        | |  1.0

Action                   |  1- 3 |  4- 6 || total
-------------------------+-------+-------++-------
Melee: Unarmed           |    70 |   165 ||   235
       Punch             |     2 |     3 ||     5
Evoke: Wand              |       |     1 ||     1
 Stab: Sleeping          |     3 |     1 ||     4
  Eat: Chunk             |    11 |    21 ||    32
Armor: Robe              |    24 |    54 ||    78
Dodge: Dodged            |    31 |    91 ||   122
